 Dungeon Crawl Stone Soup version 0.30-a0-313-gae38170b09 (webtiles) character file.

Game seed: 11949977370682713712

25 koil the Shooter (level 2, -3/15 HPs)
             Began as a Spriggan Hunter on Oct 26, 2022.
             Slain by a goblin
             ... wielding a +0 club
             ... led by Robin
              (4 damage)
             ... on level 1 of the Dungeon.
             The game lasted 00:02:05 (758 turns).

koil the Shooter (Spriggan Hunter)                   Turns: 758, Time: 00:02:06

Health: -3/15      AC:  2    Str:  7    XL:     2   Next: 86%
Magic:  4/4        EV: 18    Int: 10    God:
Gold:   71         SH:  0    Dex: 18    Spells: 3/3 levels left

rFire   x . .      SeeInvis +    a - +0 shortbow
rCold   + . .      Faith    .    (shield currently unavailable)
rNeg    . . .      Spirit   .    c - +0 robe
rPois   .          Reflect  .    (helmet restricted)
rElec   .          Harm     .    (no cloak)
rCorr   .          Rampage  .    (gloves unavailable)
Will    .....                    (boots unavailable)
Stlth   ++........               (no amulet)
HPRegen 0.22/turn                e - ring of wizardry
MPRegen 0.09/turn                m - ring of ice

@: very quick
A: very small, no large weapons, unfitting armour, see invisible, speed 3
a: no special abilities


You were on level 1 of the Dungeon.
You visited 1 branch of the dungeon, and saw 2 of its levels.

You collected 71 gold pieces.

Inventory:

Hand Weapons
 a - a +0 shortbow (weapon)
 b - a +1 dagger of electrocution
Missiles
 j - 2 poisoned darts
Armour
 c - a +0 robe (worn)
Jewellery
 e - a ring of wizardry (left hand)
 m - a ring of ice (right hand)
Scrolls
 d - a scroll of vulnerability {unknown}
 f - 2 scrolls of enchant armour {unknown}
 h - a scroll of immolation
 i - a scroll of blinking {unknown}
 k - a scroll of identify {unknown}
 l - a scroll of enchant weapon {unknown}
Potions
 g - a potion of curing {unknown}


   Skills:
 + Level 1.9 Fighting
 + Level 4.2 Ranged Weapons
 + Level 3.2 Dodging
 + Level 2.5 Stealth
 + Level 1.0 Spellcasting


You had 3 spell levels left.
You didn't know any spells.
Your spell library was empty.

Dungeon Overview and Level Annotations

Branches:
Dungeon (2/15)

Altars:

Shops:
D:1 :

Annotations:
D:2 Robin


Innate Abilities, Weirdness & Mutations

You are very small and have problems with some larger weapons.
You are too small for most types of armour.
You have supernaturally acute eyesight. (SInv)
You cover ground extremely quickly. (Speed+++)


Message History

Level annotation: Robin The goblin misses you.
The goblin barely misses you. The hobgoblin completely misses you.
The goblin completely misses you. The goblin misses you.
The hobgoblin hits you. The goblin completely misses you.
The goblin hits you with a +0 club. Robin throws the goblin at you!
The hobgoblin completely misses you.
There is a stone staircase leading up here.
The goblin completely misses you. The goblin misses you.
The hobgoblin misses you.
The hobgoblin hits you but does no damage.
The goblin misses you. The goblin barely misses you.
You climb upwards.
There is a stone staircase leading down here.
You shoot an arrow. The arrow hits the hobgoblin.
The hobgoblin is severely wounded.
The goblin completely misses you. The goblin barely misses you.
The goblin misses you. The hobgoblin hits you. x2
* * * LOW HITPOINT WARNING * * *
You are too injured to fight recklessly!
You are too injured to fight recklessly!
You are too injured to fight recklessly!
You are too injured to fight recklessly!
You are too injured to fight recklessly!
You are too injured to fight recklessly!
You shoot an arrow. The arrow hits the hobgoblin.
The hobgoblin is almost dead.
The goblin hits you but does no damage. The goblin closely misses you.
The goblin hits you but does no damage. The hobgoblin misses you.
The hobgoblin hits you but does no damage.
You shoot an arrow. The arrow barely misses the hobgoblin.
The goblin barely misses you. x2; The goblin closely misses you.
The hobgoblin closely misses you. The hobgoblin barely misses you.
You shoot an arrow. The arrow hits the hobgoblin.
You kill the hobgoblin!
The goblin misses you. The goblin hits you with a +0 club.
* * * LOW HITPOINT WARNING * * *
The hobgoblin barely misses you. The goblin barely misses you.
The goblin misses you. The hobgoblin closely misses you.
The goblin hits you with a +0 club.
You die...

### ##.#†###P....#.#~~~~P###.#
#~######......##PP..#.#~~~P####..
#~#.......#.#####P.P#.#~~P##.....
~~#######.#.# ##PP#.#PP##.##.##
~~# #.#.# ####+####..##.#. ~##
#.#.# ###.##.#.##..##... ## #[#.#
#g.....#.##..####. #
#.#.####g#.#.##.....# #. #
#.#....†@g.........## #. #
#.######gg#..##.÷### #. ###
#>.......###.....#######. ..#####
#########.#.###..........
......###########..#############.
..##...##..............)..# #.
###.....#.#######.#######.## #.
#........# #.# #..# #. #......###
#.# ##.# ##


You could see a hobgoblin and 4 goblins.

Vanquished Creatures
  4 bats (D:1)
  An endoplasm (D:1)
  3 goblins (D:1)
  4 hobgoblins (D:1)
  3 jackals (D:1)
  A kobold (D:1)
  A quokka (D:1)
  3 ball pythons (D:1)
  2 frilled lizards (D:1)
  2 rats (D:1)
24 creatures vanquished.

Notes
Turn   | Place    | Note
-------+----------+-------------------------------------------
     0 | D:1      | koil the Spriggan Hunter began the quest for the Orb.
     0 | D:1      | Reached XP level 1. HP: 10/10 MP: 2/2
    47 | D:1      | Found Awkulep's Vocational Training.
   164 | D:1      | Reached XP level 2. HP: 15/15 MP: 3/3
   714 | D:2      | Noticed Robin
   730 | D:1      | Reached skill level 1 in Spellcasting
   758 | D:1      | Slain by a goblin

Illustrated notes

Levels and vault maps discovered:
D:1:      psy_arrival_terrarium, layout_loops_ring, minmay_misc_feat_five,
          chequers_serial_rivers_large_b, minmay_misc_feat_room,
          amcnicky_mini_rare_corridor_liquid, nicolae_shop_vocational
D:2:      minmay_evil_eye, layout_basic, uniq_robin

Skill      XL: |  1  2 |
---------------+-------+-----
Stealth        | 2 |  2.5
Dodging        | 3 |  3.2
Spellcasting   | 1 |  1.0
Fighting       | |  1.9
Ranged Weapons | |  4.2

Action                   || total
-------------------------++-------
 Fire: Shortbow          ||    58
Armor: Robe              ||     9
Dodge: Dodged            ||    54

Table legend: (Time is in decaauts)
 A = Elapsed time spent in this place.
 B = Non-inter-level travel time spent in this place.
 C = Inter-level travel time spent in this place.
 D = Time resting spent in this place.
 E = Time spent auto-exploring this place.
 F = Levels seen in this place.
 G = Mean time per level.
                   A        B        C        D        E       F      G
               +--------+--------+--------+--------+--------+-----+--------+
         Total |    549 |    530 |     19 |     18 |    390 |   2 |  274.5 |
       Dungeon |    549 |    530 |     19 |     18 |    390 |   2 |  274.5 |
               +--------+--------+--------+--------+--------+-----+--------+

Top non-repeatable levels by time:
     D:1: 542 daAuts
     D:2: 6 daAuts
